Map: Cyber Forest LE

Players

HellraiseR - Winner!

  • Race: Protoss Protoss
  • Spawn Location: 11:00

MacSed

  • Race: Protoss Protoss
  • Spawn Location: 5:00

Event: 2019 WCS Spring

VOD

Have the link to the VOD?

Description

Time

  • Played on: May 18, 2019, 8:17 a.m.
  • Length: 17:32

All games in this series

Show
View Real Time Build Order
Export as new Build Order

HellraiseR Protoss - Winner!

Build Orders: Oracle Opening 

Get SALT Encoding   

  12  0:00  Probe  
  13  0:12  Probe  
  14  0:22  Pylon  
  14  0:24  Probe  
  15  0:36  Probe  
  15  0:41  Gateway  
  16  0:44  Probe  
  17  0:50  Assimilator  
  17  0:54  Probe  
  18  1:00  Assimilator  
  18  1:02  Probe  
  18  1:09  Gateway  
  18  1:10  Probe  
  20  1:21  Probe  
  21  1:29  Cybernetics Core  
  21  1:33  Probe  
  21  1:37  Pylon  
  22  1:45  Probe  
  23  1:57  Probe  
  24  2:05  Stalker x2  
  24  2:06  Warp Gate  
  28  2:10  Probe  
  29  2:16  Pylon  
  30  2:25  Pylon  
  30  2:31  Stargate  
  30  2:34  Probe  
  30  2:48  Stalker  
  30  2:50  Stalker  
  33  2:56  Shield Battery  
  33  3:04  Oracle  
  33  3:12  Probe  
  37  3:24  Shield Battery  
  36  3:34  Oracle  
  36  3:38  Nexus  
  39  3:51  Pylon  
  39  4:09  Probe  
  40  4:11  Pylon  
  40  4:22  Stalker  
  40  4:23  Stalker  
  41  4:25  Probe  
  42  4:37  Twilight Council  
  42  4:46  Stalker x2  
  42  4:48  Probe  
  47  4:59  Probe  
  48  5:00  Probe  
  49  5:08  Stalker x2  
  49  5:11  Probe  
  49  5:12  Probe  
  55  5:14  Blink  
  55  5:20  Pylon  
  55  5:23  Probe  
  53  5:38  Stalker x2  
  53  5:40  Probe  
  53  5:41  Probe  
  57  6:00  Probe  
  57  6:01  Stalker x2  
  60  6:06  Probe  
  60  6:08  Probe  
  61  6:18  Probe x2  
  60  6:30  Probe x2  
  51  6:42  Stalker x2, Probe x2  
  55  6:50  Probe  
  55  6:53  Robotics Facility  
  51  6:54  Probe  
  51  6:58  Probe  
  53  7:02  Forge  
  53  7:03  Probe  
  53  7:05  Stalker  
  53  7:06  Stalker  
  53  7:08  Probe, Pylon  
  59  7:11  Probe  
  61  7:20  Assimilator, Probe  
  61  7:21  Charge, Assimilator, Probe  
  63  7:32  Gateway  
  63  7:34  Stalker x2  
  65  7:46  Probe  
  65  7:47  Probe  
  65  7:52  Protoss Ground Weapons Level 1  
  63  7:58  Probe  
  63  7:59  Stalker, Probe  
  63  8:00  Stalker  
  63  8:04  Photon Cannon  
  68  8:09  Photon Cannon, Warp Prism  
  67  8:15  Gateway  
  67  8:17  Gateway  
  69  8:25  Dark Shrine  
  69  8:39  Nexus  
  69  8:53  Gateway x2  
  69  9:01  Robotics Bay  
  69  9:02  Pylon  
  69  9:04  Stalker  
  69  9:05  Stalker  
  69  9:07  Observer  
  74  9:13  Stalker  
  74  9:16  Stalker  
  78  9:21  Stalker  
  80  9:31  Stalker x2  
  84  9:44  Dark Templar x2  
  86  9:51  Disruptor, Pylon  
  86  9:52  Pylon  
  86  10:04  Zealot  
  86  10:05  Zealot  
  90  10:16  Zealot x2  
  90  10:17  Zealot, Stalker  
  90  10:18  Disruptor  
  93  10:31  Stalker x2  
  93  10:33  Stalker  
  99  10:42  Stalker x2  
  103  10:55  Stalker x3  
  109  10:57  Stalker  
  109  10:58  Disruptor  
  109  11:01  Probe x3  
  114  11:04  Pylon  
  114  11:09  Protoss Ground Weapons Level 2  
  117  11:17  Pylon  
  117  11:22  Shield Battery  
  117  11:27  Probe  
  117  11:30  Probe  
  119  11:33  Probe  
  119  11:36  Disruptor  
  119  11:39  Probe  
  111  11:42  Probe  
  111  11:45  Probe  
  104  11:51  Probe  
  87  12:01  Disruptor  
  87  12:02  Zealot x7  
  101  12:11  Assimilator  
  101  12:13  Assimilator  
  104  12:22  Gateway  
  104  12:23  Dark Templar x2  
  104  12:24  Zealot x2, Sentry, Pylon  
  104  12:26  Zealot  
  104  12:27  Archon  
  116  12:35  Zealot  
  118  12:49  Zealot x2, Dark Templar x2  
  126  12:55  Archon  
  126  12:59  Pylon x2  
  126  13:00  Zealot x3  
  132  13:13  Protoss Ground Weapons Level 3  
  132  13:22  Zealot x4  
  132  13:24  Zealot x4  
  148  13:38  Photon Cannon  
  148  13:40  Warp Prism  
  148  13:43  Pylon  
  148  13:47  Pylon  
  148  14:01  Nexus  
  148  14:06  Dark Templar x4  
  156  14:11  Archon  
  156  14:13  Dark Templar x2, Archon  
  159  14:22  Archon  
  159  14:23  Dark Templar x2  
  161  14:36  Probe  
  161  14:37  Probe  
  163  14:44  Probe  
  136  14:48  Probe  
  136  14:49  Probe  
  136  14:50  Disruptor  
  112  14:58  Probe  
  99  15:00  Stalker x6  
  99  15:01  Probe  
  115  15:12  Stalker x2  
  119  15:22  Observer  
  119  15:23  Stalker x3  
  92  15:51  Zealot x8  
  92  15:53  Observer  
  102  16:07  Pylon  
  100  16:11  Stalker x7  
  114  16:20  Assimilator  
  114  16:21  Assimilator  
  114  16:22  Pylon  
  100  17:00  Stalker x8  
  98  17:14  Photon Cannon  
  98  17:16  Nexus  
  98  17:18  Pylon  
  98  17:25  Stalker x6  
Show
View Real Time Build Order
Export as new Build Order

MacSed Protoss 

Build Orders: Archon Immortal 

Get SALT Encoding   

  12  0:00  Probe  
  13  0:13  Probe  
  14  0:17  Pylon  
  14  0:24  Probe  
  15  0:32  Probe  
  15  0:38  Gateway  
  15  0:40  Probe  
  16  0:46  Assimilator  
  17  0:51  Probe  
  17  0:54  Assimilator  
  18  0:59  Probe  
  19  1:07  Probe  
  19  1:08  Gateway  
  19  1:17  Probe  
  20  1:25  Cybernetics Core  
  21  1:29  Probe  
  22  1:35  Pylon  
  22  1:42  Probe  
  23  1:54  Probe  
  24  1:55  Warp Gate  
  24  2:02  Adept x2  
  24  2:07  Probe  
  29  2:14  Pylon  
  29  2:32  Adept x2  
  33  3:02  Adept x2  
  33  3:03  Robotics Facility  
  37  3:11  Nexus  
  37  3:18  Pylon  
  37  3:23  Probe  
  38  3:35  Probe  
  39  3:45  Stalker, Sentry  
  43  3:48  Shield Battery  
  43  3:50  Observer  
  43  3:51  Probe  
  45  4:03  Probe  
  46  4:12  Forge  
  46  4:14  Probe  
  46  4:16  Stalker  
  46  4:19  Probe  
  46  4:22  Probe  
  43  4:27  Probe  
  43  4:30  Probe  
  44  4:36  Stalker  
  48  4:39  Probe  
  48  4:41  Stalker  
  48  4:44  Probe  
  50  4:47  Probe  
  51  4:55  Probe  
  51  4:56  Probe  
  53  5:03  Sentry  
  53  5:05  Protoss Ground Weapons Level 1  
  55  5:07  Probe  
  55  5:09  Probe  
  57  5:19  Probe  
  58  5:21  Probe  
  58  5:24  Pylon  
  59  5:31  Immortal, Probe  
  59  5:33  Probe  
  55  5:44  Probe  
  55  5:46  Probe, Pylon  
  57  5:55  Twilight Council  
  57  5:56  Probe  
  58  5:58  Probe  
  58  6:01  Immortal  
  58  6:03  Shield Battery  
  59  6:08  Probe  
  64  6:17  Assimilator  
  64  6:19  Stalker  
  64  6:20  Assimilator  
  62  6:31  Stalker  
  62  6:32  Probe  
  57  6:37  Probe  
  52  6:43  Stalker  
  52  6:45  Observer  
  50  6:47  Protoss Ground Weapons Level 2  
  48  6:58  Charge  
  48  7:00  Probe  
  49  7:01  Probe  
  49  7:07  Sentry  
  52  7:12  Immortal, Probe  
  57  7:18  Probe  
  58  7:25  Probe  
  58  7:28  Gateway  
  59  7:30  Gateway  
  59  7:37  Templar Archives  
  59  7:38  Probe  
  59  7:44  Stalker  
  50  7:58  Immortal  
  54  8:07  Zealot  
  56  8:26  Gateway  
  56  8:27  High Templar x2  
  56  8:30  Gateway  
  56  8:32  Archon  
  60  8:38  Observer  
  60  8:40  Photon Cannon  
  60  8:42  Photon Cannon  
  60  8:49  High Templar, Warp Prism  
  60  8:53  High Templar  
  65  8:56  Gateway  
  65  8:57  Archon  
  65  9:00  Gateway  
  66  9:08  Pylon  
  66  9:09  Zealot  
  68  9:12  Zealot, Pylon  
  70  9:23  Photon Cannon, High Templar  
  70  9:24  High Templar  
  74  9:28  Photon Cannon, Archon  
  74  9:36  Zealot x2  
  72  9:48  High Templar x2  
  72  9:51  Zealot  
  72  9:52  Archon  
  78  10:00  Zealot x3  
  78  10:04  Zealot  
  82  10:08  Observer  
  82  10:12  Zealot x2  
  78  10:14  Observer  
  73  10:38  Zealot x2  
  73  10:43  Pylon  
  73  10:53  High Templar x2  
  73  10:54  Zealot x4  
  85  10:58  Pylon  
  85  10:59  Archon  
  85  11:13  Photon Cannon  
  85  11:16  Protoss Ground Weapons Level 3  
  85  11:22  High Templar x2  
  89  11:28  Archon  
  89  11:37  Zealot  
  89  11:38  Zealot x5  
  83  11:41  Immortal  
  69  12:07  High Templar x2  
  73  12:12  Archon  
  73  12:16  Stargate  
  73  12:19  Zealot x3  
  73  12:20  Zealot x2  
  83  12:26  Stalker  
  85  12:48  Immortal  
  85  12:50  Nexus  
  83  12:54  Phoenix  
  87  13:04  High Templar  
  87  13:05  High Templar  
  93  13:09  Pylon, Archon  
  93  13:13  Probe x2  
  93  13:15  Phoenix  
  97  13:28  Photon Cannon  
  97  13:32  Phoenix  
  99  13:54  Phoenix  
  99  13:56  Immortal  
  99  13:58  Probe x2  
  107  14:05  Probe  
  107  14:08  Observer  
  107  14:09  High Templar x2  
  112  14:10  Probe  
  112  14:12  Zealot  
  112  14:13  Archon  
  111  14:26  Zealot x4  
  119  14:33  Pylon  
  103  14:46  Zealot x4  
  103  14:49  Zealot  
  91  14:56  Zealot x2  
  91  14:58  Phoenix  
  81  15:06  Probe x2  
  85  15:12  High Templar x2  
  89  15:16  Assimilator  
  89  15:17  Phoenix, Assimilator  
  89  15:18  Archon  
  89  15:23  High Templar  
  89  15:24  High Templar  
  89  15:28  Archon  
  95  15:31  Zealot x2  
  91  15:38  Zealot x2  
  81  15:45  Immortal  
  81  15:46  Zealot x2  
  73  16:04  Zealot x3  
  73  16:17  High Templar x2  
  69  16:21  Immortal  
  69  16:22  Zealot x3, Archon  
  77  16:45  Zealot x3  
  70  16:57  Zealot x3  
  62  17:04  Zealot x2  
  56  17:10  High Templar  
  56  17:11  High Templar  
  56  17:15  Zealot, Archon  
  52  17:23  Zealot x2  
  52  17:24  Zealot  
Tags
 
Add a new tag
Caveats
  • Supply blocks, unpowered buildings, or Contaminate may cause inaccurate times.
  • Supply counts are checked every 10 seconds.